 Dungeon Crawl Stone Soup version 0.29.1-15-g9cfb28693d (webtiles) character file.

Game seed: 13237349018541528335

84 ThatPearl the Stinger (level 4, 0/33 HPs)
             Began as a Demonspawn Venom Mage on Mar 12, 2023.
             Killed from afar by Natasha (22 damage)
             ... with a bolt of dispelling energy
             ... on level 2 of the Dungeon.
             The game lasted 00:04:38 (2528 turns).

ThatPearl the Stinger (Demonspawn Venom Mage)       Turns: 2528, Time: 00:04:38

Health: 0/33       AC: 10    Str:  9    XL:     4   Next: 24%
Magic:  5/8        EV: 12    Int: 18    God:
Gold:   69         SH:  0    Dex: 13    Spells: 7/8 levels left

rFire   . . .      SeeInvis .   n - +0 dagger (venom)
rCold   . . .      Faith    .   (no shield)
rNeg    . . .      Spirit   .   a - +0 robe
rPois   .          Reflect  .   (no helmet)
rElec   .          Harm     .   g - +1 cloak {Stlth+}
rCorr   .          Rampage  .   (no gloves)
Will    +....                   (no boots)
Stlth   +++.......              (no amulet)
HPRegen 0.11/turn               c - ring of willpower
MPRegen 0.11/turn               (no ring)

@: sanguine armoured
A: demonic guardian 1, sanguine armour 1
a: no special abilities


You were on level 2 of the Dungeon.
You visited 1 branch of the dungeon, and saw 2 of its levels.

You collected 69 gold pieces.

Inventory:

Hand Weapons
 n - a +0 dagger of venom (weapon)
Missiles
 e - 2 javelins
 i - 17 stones
Armour
 a - a +0 robe (worn)
 g - a +1 cloak of stealth (worn)
Jewellery
 c - a ring of willpower (left hand)
Scrolls
 d - a scroll of brand weapon {unknown}
 f - 3 scrolls of identify {unknown}
 h - a scroll of noise {unknown}
 j - a scroll of teleportation {unknown}
 k - a scroll of vulnerability {unknown}
 m - 2 scrolls of amnesia {unknown}
Potions
 b - a potion of magic
 l - a potion of resistance {unknown}


   Skills:
 + Level 1.9 Fighting
 - Level 1.7 Dodging
 + Level 2.2 Stealth
 + Level 2.9 Spellcasting
 - Level 0.8 Transmutations
 + Level 3.7 Poison Magic


You had 7 spell levels left.
You knew the following spells:

 Your Spells              Type           Power      Damage    Failure   Level
a - Sting                 Tmut/Pois      40%        1d5       6%          1

Your spell library contained the following spells:

 Spells                   Type           Power      Damage    Failure   Level
 Poisonous Vapours        Pois/Air       18%        N/A       12%         2
 Mephitic Cloud           Conj/Pois/Air  7%         N/A       30%         3
 Olgreb's Toxic Radiance  Pois           15%        N/A       34%         4
 Portal Projectile        Hex/Tloc       4%         N/A       45%         3
 Tukima's Dance           Hex            2%         N/A       45%         3
 Blade Hands              Tmut           2%         N/A       97%         5


Dungeon Overview and Level Annotations

Branches:
Dungeon (2/15)

Altars:
Okawaru

Shops:
D:1 =

Annotations:
D:2 Natasha


Innate Abilities, Weirdness & Mutations

A weak demonic guardian rushes to your aid.
When seriously injured, your blood forms armour. (AC +6)


Message History

Aim: a bat (57% to hit)
The sting misses the bat.
The bat hits you but does no damage.
Aiming: Sting (safe; 6% risk of failure)
Press: ? - help, Q - select action, (/) - cycle Shift-Dir - straight line, f/p - bat
Aim: a bat (57% to hit)
The sting misses the bat.
The bat barely misses you. x2
Unknown command.
Aiming: Sting (safe; 6% risk of failure)
Press: ? - help, Q - select action, (/) - cycle Shift-Dir - straight line, f/p - bat
Aim: a bat (57% to hit)
The sting hits the bat.
The bat is poisoned.
You kill the bat!
Unknown command.
You see here a bat corpse.
Natasha, Servant of Life and Death comes into view.
She is carrying a wand of quicksilver (14).
Natasha zaps a wand.
The bolt of dispelling energy hits you!
Your blood congeals into armour.
Natasha zaps a wand.
The bolt of dispelling energy misses you.
Aiming: Sting (safe; 6% risk of failure)
Press: ? - help, Q - select action, (/) - cycle Shift-Dir - straight line, f - Natasha
Aim: Natasha, carrying a wand of quicksilver (12) (64% to hit)
The sting misses Natasha.
Natasha mumbles some strange words.
You feel disoriented.
Aiming: Sting (safe; 6% risk of failure)
Press: ? - help, Q - select action, (/) - cycle Shift-Dir - straight line, f/p - Natasha
Aim: Natasha, carrying a wand of quicksilver (12) (64% to hit)
The sting misses Natasha.
Aiming: Sting (safe; 6% risk of failure)
Press: ? - help, Q - select action, (/) - cycle Shift-Dir - straight line, f/p - Natasha
Aim: Natasha, carrying a wand of quicksilver (12) (64% to hit)
The sting hits Natasha.
Natasha is poisoned.
Natasha is lightly wounded.
Natasha zaps a wand.
The bolt of dispelling energy hits you!!
Ouch! That really hurt!
You die...

#...<.....#....#
#...............#
######
#...............#
#.....
#...............#
#.....
#...............#
#.....
#...............#
#.....
#..............##
######
#.#.......h(..## #
#.########@#### #
#.# #.### ## #.#
#...## #. #.#
###..# ##. #.#
#####.# #.. #.#
#..##.## ###.# #.#
##..#..## ###...#
#.#
##.....#####...###
#)#
####.........## #


You could see Natasha (poisoned).

Vanquished Creatures
  Natasha (D:2)
  A worm (D:2)
  A dart slug (D:2)
  4 endoplasms
  7 hobgoblins
  6 jackals (D:1)
  2 quokkas
  3 ball pythons (D:1)
  6 bats
  2 frilled lizards (D:1)
  6 goblins
  5 kobolds
  6 rats
50 creatures vanquished.

Notes
Turn   | Place    | Note
-------+----------+-------------------------------------------
     0 | D:1      | ThatPearl the Demonspawn Venom Mage began the quest for the
                  | Orb.
     0 | D:1      | Reached XP level 1. HP: 13/13 MP: 3/3
   340 | D:1      | Gained mutation: A weak demonic guardian rushes to your
                  | aid. [demonic ancestry]
   340 | D:1      | Reached XP level 2. HP: 12/20 MP: 0/5
   546 | D:1      | Reached skill level 1 in Fighting
  1021 | D:1      | Gained mutation: When seriously injured, your blood forms
                  | armour. (AC +6) [demonic ancestry]
  1021 | D:1      | Reached XP level 3. HP: 26/26 MP: 4/6
  1339 | D:1      | Found Valiz's Jewellery Emporium.
  1970 | D:2      | Found a faded altar of an unknown god.
  2144 | D:2      | Found an iron altar of Okawaru.
  2237 | D:2      | Noticed Natasha
  2260 | D:2      | Killed Natasha
  2261 | D:2      | Reached XP level 4. HP: 19/33 MP: 4/8
  2523 | D:2      | Noticed Natasha
  2528 | D:2      | Killed from afar by Natasha

Illustrated notes

Levels and vault maps discovered:
D:1:      dpeg_arrival_lava_temple_mockup, layout_basic, serial_shops,
          nicolae_shop_hallway_plus
D:2:      layout_rooms, basic_altar, hellmonk_ecumenical_altar_inner_sanctum,
          corner_web_ring, hangedman_decor_points, uniq_natasha

Skill      XL: |  1  2  3 |
---------------+----------+-----
Fighting       | 1 |  1.9
Stealth        | 2 |  2.2
Dodging        | |  1.7
Spellcasting   | |  2.9
Transmutations | |  0.8
Poison Magic   | |  3.7

Action                   |  1- 3 |  4- 6 || total
-------------------------+-------+-------++-------
Melee: Dagger            |    29 |       ||    29
       Short sword       |    15 |       ||    15
 Cast: Sting             |    76 |     8 ||    84
 Stab: Sleeping          |     3 |       ||     3
Armor: Robe              |    20 |     2 ||    22
Dodge: Dodged            |    49 |     4 ||    53
